 Dungeon Crawl Stone Soup version 0.22-a0-596-gfbd32a6 (webtiles) character file.

42411 Gildeon the Severer (level 13, -3/107 HPs)
             Began as a Minotaur Fighter on July 4, 2018.
             Was the Champion of Nemelex Xobeh.
             Killed by divine providence
             ... invoked by an orc priest
              (16 damage)
             ... on level 2 of the Orcish Mines on July 5, 2018.
             The game lasted 01:59:41 (19151 turns).

Gildeon the Severer (Minotaur Fighter)             Turns: 19151, Time: 01:59:42

Health: -3/107     AC: 26    Str: 25    XL:     13   Next: 85%
Magic:  19/19      EV: 11    Int: 12    God:    Nemelex Xobeh [******]
Gold:   2408       SH:  0    Dex: 14    Spells: 0/16 levels left

rFire    . . .     SeeInvis .   a - +3 war axe
rCold    . . .     Gourm    .   (no shield)
rNeg     . . .     Faith    .   e - +7 plate armour
rPois    .         Spirit   .   (helmet restricted)
rElec    .         Reflect  .   q - +2 cloak
rCorr    .         Harm     +   t - +1 pair of gloves "Hujo" {Str+4 Dex-2 Slay+3}
MR       .....                  (no boots)
Stlth    ..........             L - amulet of harm
HPRegen  0.27/turn              A - +5 ring of intelligence
MPRegen  0.16/turn              o - +3 ring of dexterity

@: studying Invocations
A: retaliatory headbutt, horns 2, camouflage 1, blurry vision 1
a: Triple Draw, Deal Four, Stack Five, Renounce Religion


You were on level 2 of the Orcish Mines.
You worshipped Nemelex Xobeh.
Nemelex Xobeh was exalted by your worship.
You were not hungry.

You visited 4 branches of the dungeon, and saw 20 of its levels.

You collected 2408 gold pieces.

Inventory:

Hand Weapons
 a - a +3 war axe (weapon)
 c - a +2 flail of protection
 p - a +0 hand axe of venom
 T - a +2 war axe of freezing
Armour
 e - a +7 plate armour (worn)
 g - a +1 ring mail of fire resistance
 q - a +2 cloak (worn)
 t - the +1 pair of gloves "Hujo" (worn) {Str+4 Dex-2 Slay+3}
   (You found it on level 8 of the Dungeon)

   It affects your strength (+4).
   It affects your dexterity (-2).
   It affects your accuracy and damage with ranged weapons and melee attacks
   (+3).
 v - the +4 ring mail of Wasted Space {rPois rCorr Str+7 Dex-2}
   (You found it on level 8 of the Dungeon)

   It affects your strength (+7).
   It affects your dexterity (-2).
   It protects you from poison.
   It protects you from acid and corrosion.
 G - a +0 ring mail of cold resistance
 O - a +1 leather armour of magic resistance
 P - a +4 plate armour
 Q - +0 swamp dragon scales
 S - a +2 leather armour of poison resistance
 U - a +2 robe of positive energy
Jewellery
 l - an uncursed ring of ice
 o - a +3 ring of dexterity (right hand)
 A - a +5 ring of intelligence (left hand)
 D - an uncursed amulet of regeneration
 I - an uncursed ring of protection from fire
 K - an uncursed ring of protection from magic
 L - an amulet of harm (around neck)
Wands
 k - a wand of acid (9)
 s - a wand of paralysis (5)
 u - a wand of digging (15)
Scrolls
 x - 3 scrolls of remove curse
 F - 4 scrolls of fear
 J - 4 scrolls of teleportation
 M - a scroll of fog
Potions
 b - a potion of invisibility
 d - 4 potions of heal wounds
 i - 8 potions of curing
 j - 2 potions of berserk rage
 m - 2 potions of flight
 n - 3 potions of lignification
 z - 2 potions of ambrosia
 B - a potion of cancellation
 C - a potion of agility
 E - 3 potions of haste
 H - a potion of magic
 R - a potion of resistance {unknown}
Books
 w - a manual of Invocations
Miscellaneous
 r - a legendary deck of destruction {drawn: 1}
 y - an ornate deck of summoning {drawn: 5}
Comestibles
 f - 34 rations


   Skills:
 + Level 8.1 Fighting
 + Level 16.9 Axes
 + Level 8.1 Armour
 + Level 8.0 Dodging
   Level 3.6 Shields
 - Level 2.0 Spellcasting
 - Level 3.0 Conjurations
 - Level 2.0 Hexes
 - Level 3.0 Translocations
 - Level 4.0 Transmutations
 - Level 3.0 Fire Magic
 - Level 3.0 Air Magic
 - Level 4.0 Earth Magic
 - Level 3.0 Poison Magic
 - Level 10.0 Invocations
 - Level 5.0 Evocations


You couldn't memorise any spells.
You knew the following spells:

 Your Spells              Type           Power        Failure   Level  Hunger
a - Confusing Touch       Hex            #.....       80%         1    ##.....
b - Apportation           Tloc           #.....       67%         1    ##.....
c - Blink                 Tloc           N/A          80%         2    ###....
d - Slow                  Hex            #.......     91%         2    ###....
e - Conjure Flame         Conj/Fire      #.......     95%         3    ####...
f - Mephitic Cloud        Conj/Pois/Air  #.......     95%         3    ####...
g - Petrify               Tmut/Erth      ##......     99%         4    #####..

Your spell library contained the following spells:

 Spells                   Type           Power        Failure   Level  Hunger
 Magic Dart               Conj           #...         67%         1    ##.....
 Fireball                 Conj/Fire      #.........   100%        5    ######.
 Bolt of Magma            Conj/Fire/Erth #.........   100%        5    ######.
 Throw Flame              Conj/Fire      #.....       80%         2    ###....
 Venom Bolt               Conj/Pois      #.........   100%        5    ######.
 Olgreb's Toxic Radiance  Pois           #.......     100%        4    #####..
 Summon Small Mammal      Summ           #...         97%         1    ##.....
 Animate Skeleton         Necr           N/A          97%         1    ##.....
 Sticky Flame             Conj/Fire      #.......     100%        4    #####..
 Call Imp                 Summ           #.......     99%         2    ###....
 Iron Shot                Conj/Erth      #.........   100%        6    #######
 Flame Tongue             Conj/Fire      #....        67%         1    ##.....
 Ignite Poison            Fire/Tmut/Pois #.......     94%         3    ####...
 Lee's Rapid Deconstruct  Erth           ##........   100%        5    ######.
 Orb of Destruction       Conj           #.........   100%        7    #######
 Inner Flame              Hex/Fire       #.......     98%         3    ####...
 Iskenderun's Battlesphe  Conj/Chrm      #.......     100%        5    ######.
 Spellforged Servitor     Conj/Summ      #.........   100%        7    #######


Dungeon Overview and Level Annotations

Branches:
Dungeon (11/15)            Temple (1/1) D:7            Lair (6/6) D:10
  Swamp (0/4) Lair:4       Spider (0/4) Lair:4        Slime (0/5) Lair:6
    Orc (2/2) D:11            Elf (0/3) Orc:2

Altars:
Ashenzari
Cheibriados
Dithmenos
Elyvilon
Fedhas
Gozag
Hepliaklqana
Kikubaaqudgha
Makhleb
Nemelex Xobeh
Okawaru
Qazlal
Ru
Sif Muna
Trog
Uskayaw
Vehumet
Wu Jian
Xom
Yredelemnul
Zin
The Shining One
Beogh
Jiyva

Shops:
D:4 *   D:6 (   D:11 (   Orc:2 !

Annotations:
Lair:3 exclusion: ice statue
Lair:6 exclusion: oklob plant


Innate Abilities, Weirdness & Mutations

You reflexively headbutt those who attack you in melee.
You have a pair of horns on your head.
Your skin changes colour to match your surroundings (Stealth+).
Scrolls take you a little longer to read.


Message History

The orc priest dies!
The stone disappears in a puff of smoke!
The orc knight roars a battlecry!
The orc knight goes into a battle-frenzy!
The orc priest casts a cantrip, but nothing happens.
The orc priest no longer looks unusually strong.
Your centaur hits the orc knight with a shortbow.
The orc priest casts a cantrip, but nothing happens.
The orc warrior barely misses your centaur.
Your centaur closely misses the orc knight.
The orc warrior no longer looks unusually strong.
The orc knight roars a battlecry!
The orcs go into a battle-frenzy!
The orc priest no longer looks unusually strong.
The orc knight roars a battlecry!
The orc priest goes into a battle-frenzy!
The orc priest invokes the aid of Beogh against you.
Beogh smites you!
You die...
Your body glows with a rainbow of weird colours and disappears.

.........#...#....#..#
#......................#
#.......................
#......##...............
####......#.............#..
#...................#....#.
...................####.##<
............<..#..## ###..
#........@.......# ##.
#.....#.#...##.## ##
#.....∩....#...# #####
#####.#.#....#.##
#...####.###c..##..####
#.........#c..######
#..........#.##
##...ooc.oo....#
.#...(o.#o#...##


You could see an orc priest, a friendly faun and a friendly centaur.

Vanquished Creatures
  A stone giant (Orc:1)
  A dire elephant (Lair:4)
  2 fire dragons (Lair:6)
  A hydra (Lair:6)
  2 two-headed ogres
  A swamp dragon (Lair:6)
  2 lindwurms (Lair:6)
  A harpy (D:10)
  A cyclops (Orc:1)
  2 ugly things
  2 black mambas (Lair:4)
  10 elephants
  6 spiny frogs
  3 torpor snails (Lair:6)
  A gargoyle (D:11)
  4 komodo dragons
  A freezing wraith (Lair:3)
  3 rime drakes (Lair:6)
  3 trolls
  4 polar bears
  A merfolk (D:10)
  3 blink frogs (Lair:6)
  3 tyrant leeches (Lair:6)
  5 hornets
  7 hippogriffs
  A spriggan (Lair:4)
  19 yaks
  A hungry ghost (D:10)
  3 steam dragons
  An insubstantial wisp (Lair:4)
  An acid dragon (Lair:6)
  A warg (Orc:2)
  7 water moccasins
  5 porcupines
  A sky beast (D:7)
  8 ice beasts
  11 orc warriors
  An eye of draining (D:11)
  2 swamp drakes (Lair:6)
  A phantom (D:9)
  5 black bears
  A necrophage (D:10)
  9 ogres
  3 centaurs
  3 wolves (Lair:4)
  7 crocodiles
  A big kobold (D:8)
  12 bullfrogs
  A wyvern zombie (D:7)
  3 scorpions
  4 killer bees (D:11)
  10 wights
  3 crimson imps
  3 bullfrog zombies
  Crazy Yiuf (D:2)
  3 bullfrog skeletons
  4 hounds
  A gnoll shaman (D:4)
  6 orc priests
  A centaur skeleton (D:11)
  2 jellies
  7 iguanas
  3 hell rats (Lair:6)
  18 orc wizards
  9 worker ants
  2 hound zombies
  A howler monkey zombie (D:9)
  2 worker ant zombies (D:11)
  3 gnolls (D:4)
  A howler monkey skeleton (D:4)
  3 adders
  A shadow imp (D:6)
  A white imp (D:9)
  An ooze (D:8)
  An adder zombie (D:8)
  An adder skeleton (D:7)
  3 worms
  2 dart slugs (D:1)
  4 leopard geckos
  64 orcs
  12 bats
  3 giant cockroaches
  5 hobgoblins
  7 jackals
  9 kobolds
  6 quokkas
  2 frilled lizards
  5 goblins
  A goblin skeleton (D:4)
  A goblin zombie (D:4)
  2 hobgoblin zombies (D:4)
  2 kobold zombies (D:4)
  A leopard gecko zombie (D:6)
  2 quokka skeletons
  14 rats
  9 fungi
  5 plants
429 creatures vanquished.

Vanquished Creatures (collateral kills)
  Harold (Lair:3)
  A hydra (Lair:6)
  Erica (D:8)
  7 elephants
  3 black mambas
  2 torpor snails (Lair:6)
  3 spiny frogs
  A rime drake (Lair:4)
  A komodo dragon (Lair:4)
  A polar bear (Lair:3)
  A troll (Orc:2)
  3 hornets (Lair:6)
  A blink frog (Lair:6)
  4 dream sheep (Lair:4)
  2 hippogriffs
  16 yaks
  A wyvern (Lair:3)
  2 basilisks
  3 insubstantial wisps (Lair:4)
  A naga (Lair:2)
  2 water moccasins
  A porcupine (Lair:2)
  4 orc warriors (Orc:2)
  3 ice beasts
  An ogre (D:5)
  A crocodile (Lair:3)
  A wolf (Lair:4)
  A crimson imp (D:4)
  A bullfrog zombie (D:5)
  4 orc wizards
  9 orc priests (Orc:2)
  3 hell rats (Lair:6)
  A leopard gecko (D:3)
  27 orcs
  A goblin (D:3)
  A kobold (D:3)
  A quokka (D:3)
  A plant (Lair:6)
118 creatures vanquished.

Vanquished Creatures (others)
  A yak (Lair:2)
  A ball lightning (Lair:4)
  5 orcs
  10 fungi
  10 plants
27 creatures vanquished.

Grand Total: 574 creatures vanquished

Notes
Turn   | Place    | Note
-------+----------+-------------------------------------------
     0 | D:1      | Gildeon the Minotaur Fighter began the quest for the Orb.
     0 | D:1      | Reached XP level 1. HP: 19/19 MP: 0/0
   110 | D:1      | Reached XP level 2. HP: 26/27 MP: 1/1
   292 | D:1      | Reached skill level 3 in Axes
   418 | D:1      | Reached skill level 1 in Dodging
   539 | D:1      | Reached XP level 3. HP: 31/33 MP: 2/2
  1261 | D:2      | Found a runed door.
  1265 | D:2      | Noticed Crazy Yiuf
  1271 | D:2      | Killed Crazy Yiuf
  1271 | D:2      | Reached skill level 4 in Axes
  1271 | D:2      | Reached XP level 4. HP: 10/40 MP: 0/3
  2095 | D:3      | Found a sparkling altar of Nemelex Xobeh.
  2099 | D:3      | Became a worshipper of Nemelex Xobeh the Trickster
  2133 | D:3      | Received a gift from Nemelex Xobeh
  2648 | D:4      | Noticed an ice beast
  2655 | D:4      | Killed an ice beast
  2655 | D:4      | Reached XP level 5. HP: 47/47 MP: 4/4
  2691 | D:4      | Noticed an insubstantial wisp
  2755 | D:4      | Reached skill level 5 in Axes
  2770 | D:4      | Found a glowing golden altar of the Shining One.
  2842 | D:4      | Reached XP level 6. HP: 49/55 MP: 5/5
  2872 | D:4      | Reached skill level 5 in Armour
  2983 | D:4      | Found a glowing silver altar of Zin.
  2984 | D:4      | Found Zin's Purification Station.
  3064 | D:4      | Reached skill level 5 in Fighting
  3239 | D:4      | Reached skill level 6 in Axes
  3638 | D:5      | Entered Level 5 of the Dungeon
  3681 | D:5      | Found a blossoming altar of Fedhas.
  3682 | D:5      | Reached * piety under Nemelex Xobeh
  3729 | D:5      | Reached skill level 1 in Invocations
  3729 | D:5      | Reached XP level 7. HP: 43/61 MP: 6/6
  3804 | D:5      | Reached skill level 7 in Axes
  3804 | D:5      | Reached skill level 1 in Spellcasting
  3958 | D:5      | Noticed an ice devil
  4143 | D:5      | Reached XP level 8. HP: 65/68 MP: 8/8
  4163 | D:5      | Received a gift from Nemelex Xobeh
  4260 | D:5      | Reached skill level 8 in Axes
  4755 | D:6      | Found a stormy altar of Qazlal.
  4798 | D:6      | Reached skill level 5 in Dodging
  5088 | D:6      | Reached skill level 9 in Axes
  5129 | D:6      | Reached ** piety under Nemelex Xobeh
  5340 | D:6      | Found Urux's Weapon Shop.
  5445 | D:7      | Identified a scroll of acquirement
  5583 | D:7      | Reached skill level 1 in Evocations
  5737 | D:7      | Found a snail-covered altar of Cheibriados.
  5739 | D:7      | Found a staircase to the Ecumenical Temple.
  5766 | D:7      | Reached XP level 9. HP: 67/75 MP: 10/10
  5780 | Temple   | Entered the Ecumenical Temple
  5853 | Temple   | Received a gift from Nemelex Xobeh
  6585 | D:8      | Noticed a white ugly thing
  6588 | D:8      | Noticed a troll
  6619 | D:8      | Found a white marble altar of Elyvilon.
  6665 | D:8      | Found a burning altar of Makhleb.
  6800 | D:8      | Noticed a two-headed ogre
  6817 | D:8      | Killed a two-headed ogre
  6817 | D:8      | Reached skill level 10 in Axes
  6834 | D:8      | Killed a white ugly thing
  6834 | D:8      | Reached skill level 5 in Invocations
  6837 | D:8      | Got a smoking amethyst amulet
  6862 | D:8      | a troll changed into a hornet
  6867 | D:8      | Reached skill level 11 in Axes
  6880 | D:8      | Identified the amulet of Hiegiok {Spirit Int+6} (You found it on level 8 of the Dungeon)
  7004 | D:8      | Noticed Erica
  7016 | D:8      | Killed Erica
  7041 | D:8      | Received a gift from Nemelex Xobeh
  7070 | D:8      | Reached *** piety under Nemelex Xobeh
  7167 | D:8      | Reached XP level 10. HP: 83/83 MP: 13/13
  7215 | D:8      | Got a pair of jewelled gloves
  7226 | D:8      | Identified the +1 pair of gloves "Hujo" {Str+4 Dex-2 Slay+3} (You found it on level 8 of the Dungeon)
  7282 | D:8      | Got a scorched ring mail
  7550 | D:9      | Found a bloodstained altar of Trog.
  7575 | D:9      | Learned a level 1 spell: Confusing Touch
  7577 | D:9      | Learned a level 1 spell: Apportation
  7579 | D:9      | Noticed a two-headed ogre
  7585 | D:9      | Reached skill level 12 in Axes
  7591 | D:9      | Killed a two-headed ogre
  7765 | D:9      | Reached skill level 1 in Translocations
  7798 | D:9      | Reached skill level 1 in Hexes
  8338 | D:9      | Found a shattered altar of Ashenzari.
  8431 | D:10     | Entered Level 10 of the Dungeon
  8453 | D:10     | Noticed a two-headed ogre
  8455 | D:10     | Noticed a harpy
  8455 | D:10     | a yak changed into a harpy
  8455 | D:10     | a two-headed ogre changed into a merfolk
  8461 | D:10     | Killed a harpy
  8485 | D:10     | Reached skill level 13 in Axes
  8503 | D:10     | Identified the +4 ring mail of Wasted Space {rPois rCorr Str+7 Dex-2} (You found it on level 8 of the Dungeon)
  8514 | D:10     | Found a staircase to the Lair.
  8779 | D:10     | Received a gift from Nemelex Xobeh
  8906 | D:10     | Reached XP level 11. HP: 92/92 MP: 15/15
  8984 | D:10     | Reached **** piety under Nemelex Xobeh
  8997 | D:10     | Received a gift from Nemelex Xobeh
  9353 | Lair:1   | Entered Level 1 of the Lair of Beasts
  9440 | Lair:1   | Received a gift from Nemelex Xobeh
  9983 | Lair:2   | Received a gift from Nemelex Xobeh
 10086 | Lair:2   | Reached skill level 14 in Axes
 10172 | Lair:2   | Learned a level 2 spell: Blink
 10175 | Lair:2   | Learned a level 2 spell: Slow
 10179 | Lair:2   | Learned a level 3 spell: Conjure Flame
 10185 | Lair:2   | Learned a level 3 spell: Mephitic Cloud
 10190 | Lair:2   | Received a gift from Nemelex Xobeh
 10200 | Lair:2   | Reached ***** piety under Nemelex Xobeh
 10555 | Lair:2   | Received a gift from Nemelex Xobeh
 11248 | Lair:3   | Reached skill level 1 in Conjurations
 11248 | Lair:3   | Reached skill level 1 in Fire Magic
 11248 | Lair:3   | Reached skill level 1 in Air Magic
 11249 | Lair:3   | Reached skill level 1 in Poison Magic
 11400 | Lair:3   | Noticed Harold
 11413 | Lair:3   | Killed Harold
 11689 | Lair:3   | Received a gift from Nemelex Xobeh
 11972 | Lair:3   | Received a gift from Nemelex Xobeh
 12365 | Lair:4   | Reached XP level 12. HP: 100/100 MP: 17/17
 12397 | Lair:4   | Reached skill level 15 in Axes
 12422 | Lair:4   | Found a staircase to the Swamp.
 12691 | Lair:4   | Upgraded the game from 0.22-a0-587-g7d32d7c to 0.22-a0-596-gfbd32a6
 12774 | Lair:4   | Identified the Incunabulum of Nocuous Stones
 12803 | Lair:4   | Found a hole to the Spider Nest.
 12902 | Lair:4   | Noticed a dire elephant
 12915 | Lair:4   | Killed a dire elephant
 13015 | Lair:4   | Received a gift from Nemelex Xobeh
 13302 | Lair:5   | Reached ****** piety under Nemelex Xobeh
 13621 | Lair:5   | Received a gift from Nemelex Xobeh
 13885 | Lair:6   | Entered Level 6 of the Lair of Beasts
 13885 | Lair:6   | Received a gift from Nemelex Xobeh
 13926 | Lair:6   | Found a basalt altar of Yredelemnul.
 13960 | Lair:6   | Reached skill level 16 in Axes
 13981 | Lair:6   | Reached XP level 13. HP: 107/107 MP: 13/19
 14017 | Lair:6   | Gained mutation: Your mind is acute. (Int +2) [potion of mutation]
 14017 | Lair:6   | Lost mutation: Your mind is acute. (Int +2) [potion of mutation]
 14017 | Lair:6   | Gained mutation: Scrolls take you a little longer to read. [potion of mutation]
 14017 | Lair:6   | Gained mutation: Your skin changes colour to match your surroundings (Stealth+). [potion of mutation]
 14409 | Lair:6   | Received a gift from Nemelex Xobeh
 14649 | Lair:6   | Learned a level 4 spell: Petrify
 14663 | Lair:6   | Found a runed door.
 14720 | Lair:6   | Reached skill level 10 in Invocations
 14921 | Lair:6   | Reached skill level 1 in Earth Magic
 14926 | Lair:6   | Reached skill level 1 in Transmutations
 14926 | Lair:6   | Reached skill level 5 in Evocations
 15335 | Lair:6   | Found a viscous altar of Jiyva.
 15335 | Lair:6   | Found a staircase to the Slime Pits.
 15527 | Lair:6   | Received a gift from Nemelex Xobeh
 15765 | Lair:6   | Noticed a fire dragon
 15823 | Lair:6   | Killed a fire dragon
 16204 | Lair:6   | Noticed a fire dragon
 16215 | Lair:6   | Killed a fire dragon
 16752 | D:11     | Received a gift from Nemelex Xobeh
 17101 | D:11     | Received a gift from Nemelex Xobeh
 17237 | D:11     | Found Atusecum's Weapon Shoppe.
 17538 | D:11     | Found a staircase to the Orcish Mines.
 17881 | Orc:1    | Entered Level 1 of the Orcish Mines
 17881 | Orc:1    | Received a gift from Nemelex Xobeh
 17932 | Orc:2    | Entered Level 2 of the Orcish Mines
 17935 | Orc:2    | Found a roughly hewn altar of Beogh.
 17973 | Orc:2    | Found a radiant altar of Vehumet.
 17983 | Orc:2    | Noticed a stone giant
 18208 | Orc:1    | Killed a stone giant
 18701 | Orc:2    | Found a staircase to the Elven Halls.
 18903 | Orc:1    | Found a roughly hewn altar of Beogh.
 19048 | Orc:2    | Found Sooga's Distillery.
 19137 | Orc:2    | HP: 3/107 [orc priest/divine providence (13)]
 19151 | Orc:2    | Killed from afar by an orc priest

Vault maps used:
D:1:      minmay_arrival_arboretum_small
D:2:      minmay_rat_gold_closets, uniq_crazy_yiuf_cottage
D:3:      grunt_ministairs_5, nemelex_diamond_rough_becter
D:4:      zin_purify, nicolae_tso_besieged_by_evil
D:5:      fedhas_altar_fruit_tree, first_ration
D:6:      grunt_qazlal_sundering, serial_shops, shop
D:7:      old_standard_altar, temple_statues
D:8:      elyvilon_altar_4, serial_glass, glass_columns_c, glass_columns_b,
          basic_altar, blue_anna_alchemist, small_statue_intersection,
          minmay_diamond_spiral, uniq_erica
D:9:      trog_ov_bears_minmay, kennysheep_little_box
D:10:     due_lair_maze_entry_diamond, minmay_stone_trees_small
D:11:     hiddenorc1_lemuel, serial_shops, shop, kennysheep_small_circle
Temple:   regret_index_temple_waves
Lair:2:   grunt_megastairs_5
Lair:3:   ice2_lemuel, infiniplex_staircase_pool, lemuel_fruit_fields,
          uniq_harold
Lair:4:   mu_elephants_graveyard, minmay_swamp_entry_wisps,
          spider_nest_entry_web_field, guppyfry_lair_drakes
Lair:5:   lemuel_fruit_tree
Lair:6:   wormcave, guppyfry_lair_end_dragon, dpeg_slime_entry_enclosed_altar,
          basic_altar, grunt_megastairs_4
Orc:1:    nicolae_volcano_entry_two_sided, basic_altar
Orc:2:    st_orc_pillars, basic_altar, serial_shops, nicolae_shop_crystal,
          mines2_david

Skill      XL: |  1  2  3  4  5  6  7  8  9 10 11 12 13 |
---------------+----------------------------------------+-----
Axes           | 3 4 5 6 7 9 11 13 14 16 | 16.9
Dodging        | 1 2 3 4 5 6 7 8 |  8.0
Armour         | 4 5 6 7 8 |  8.1
Fighting       | 4 5 6 7 8 |  8.1
Invocations    | 1 2 3 6 7 9 10 | 10.0
Spellcasting   | 1 2 |  2.0
Evocations     | 1 3 4 5 |  5.0
Translocations | 2 3 |  3.0
Hexes          | 1 2 |  2.0
Conjurations   | 1 2 3 |  3.0
Fire Magic     | 1 2 3 |  3.0
Air Magic      | 1 2 3 |  3.0
Poison Magic   | 1 2 3 |  3.0
Earth Magic    | 4 |  4.0
Transmutations | 4 |  4.0
Shields        | |  3.6

Action                   |  1- 3 |  4- 6 |  7- 9 | 10-12 | 13-15 || total
-------------------------+-------+-------+-------+-------+-------++-------
Melee: War axe           |   111 |   105 |   192 |   298 |   260 ||   966
       Headbutt          |    10 |    14 |    46 |    69 |    56 ||   195
       Flail             |       |       |       |       |     4 ||     4
Invok: Deal Four         |       |       |       |     1 |       ||     1
Evoke: Deck              |       |     4 |    17 |    71 |    50 ||   142
       Wand              |       |       |    40 |    46 |    34 ||   120
  Use: Scroll            |     2 |    12 |    10 |    17 |     3 ||    44
       Potion            |       |     3 |       |       |     7 ||    10
 Stab: Distracted        |       |       |     1 |     4 |     1 ||     6
       Paralysed         |       |       |       |     2 |     2 ||     4
  Eat: Chunk             |     1 |     1 |     5 |     9 |     4 ||    20
       Ration            |       |     2 |     2 |     4 |     3 ||    11
Armor: Scale mail        |    12 |       |       |       |       ||    12
       Plate armour      |    92 |    71 |   111 |   174 |   159 ||   607
       Skin              |       |       |       |       |     6 ||     6
Dodge: Dodged            |    47 |    36 |    77 |   138 |   140 ||   438

Table legend:
 A = Spawn XP
 B = Non-spawn XP
 C = Spawn XP percentage of total XP
 D = Spawn monster count
 E = Non-spawn monster count
 F = Spawn count percentage of total count
 G = Total turns spent on level
                    A         B        C        D         E        F      G
               +---------+---------+-------+---------+---------+-------+---------
         Total |       0 |   60588 |   0.0 |       0 |     537 |   0.0 | 19151
               +---------+---------+-------+---------+---------+-------+---------
           D:1 |       0 |      43 |   0.0 |       0 |      25 |   0.0 |   725
           D:2 |       0 |      76 |   0.0 |       0 |      23 |   0.0 |  1153
           D:3 |       0 |      32 |   0.0 |       0 |      18 |   0.0 |   803
           D:4 |       0 |     492 |   0.0 |       0 |      29 |   0.0 |  1048
           D:5 |       0 |    1156 |   0.0 |       0 |      35 |   0.0 |  1184
           D:6 |       0 |     530 |   0.0 |       0 |      16 |   0.0 |   724
           D:7 |       0 |     722 |   0.0 |       0 |      13 |   0.0 |   776
           D:8 |       0 |    2800 |   0.0 |       0 |      27 |   0.0 |   956
           D:9 |       0 |    2636 |   0.0 |       0 |      23 |   0.0 |   993
          D:10 |       0 |    4085 |   0.0 |       0 |      34 |   0.0 |   874
          D:11 |       0 |    3168 |   0.0 |       0 |      48 |   0.0 |  1244
        Lair:1 |       0 |    2374 |   0.0 |       0 |       9 |   0.0 |   671
        Lair:2 |       0 |    2578 |   0.0 |       0 |      15 |   0.0 |  1269
        Lair:3 |       0 |    3790 |   0.0 |       0 |      22 |   0.0 |  1132
        Lair:4 |       0 |   10856 |   0.0 |       0 |      44 |   0.0 |   970
        Lair:5 |       0 |    1889 |   0.0 |       0 |       9 |   0.0 |   620
        Lair:6 |       0 |   18322 |   0.0 |       0 |      70 |   0.0 |  2596
         Orc:1 |       0 |    3224 |   0.0 |       0 |      22 |   0.0 |   906
         Orc:2 |       0 |    1815 |   0.0 |       0 |      55 |   0.0 |   364
               +---------+---------+-------+---------+---------+-------+---------
